 Dungeon Crawl Stone Soup version 0.26.0-10-g1f06aea511 (webtiles) character file.

Game seed: 10384296474083750388

3 night the Insei (level 1, -1/16 HPs)
             Began as a Demonspawn Gladiator on Jan 23, 2021.
             Slain by a frilled lizard (2 damage)
             ... on level 1 of the Dungeon.
             The game lasted 00:00:51 (80 turns).

night the Insei (Demonspawn Gladiator)                Turns: 80, Time: 00:00:51

Health: -1/16      AC:  4    Str: 14    XL:     1   Next: 41%
Magic:  1/1        EV:  9    Int:  9    God:
Gold:   0          SH:  7    Dex: 14    Spells: 0/0 levels left

rFire    . . .     SeeInvis .     - Unarmed
rCold    . . .     Faith    .   d - +0 kite shield
rNeg     . . .     Spirit   .   a - +0 leather armour
rPois    .         Reflect  .   b - +0 helmet
rElec    .         Harm     .   (no cloak)
rCorr    .         Rampage  .   (no gloves)
Will     .....                  (no boots)
Stlth    +.........             (no amulet)
HPRegen  0.05/turn              (no ring)
MPRegen  0.07/turn              (no ring)

@: no status effects
A: no striking features
a: no special abilities


You were on level 1 of the Dungeon.
You visited 1 branch of the dungeon, and saw 1 of its levels.

Inventory:

Missiles
 c - 3 throwing nets (quivered)
Armour
 a - a +0 leather armour (worn)
 b - a +0 helmet (worn)
 d - a +0 kite shield (worn)
Potions
 e - 2 potions of degeneration {unknown}


   Skills:
 + Level 2.1 Fighting
 - Level 1.7 Throwing
 - Level 2.6 Dodging
 + Level 2.8 Unarmed Combat


You couldn't memorise any spells.
You didn't know any spells.
Your spell library was empty.

Dungeon Overview and Level Annotations

Branches:
Dungeon (1/15)

Altars:


Message History

You block the goblin's attack.
You hit the goblin.
You kill the goblin!
You block the goblin's attack. The hobgoblin hits you with a +0 club.
The frilled lizard barely misses you.
You barely miss the frilled lizard. You block the goblin's attack.
The hobgoblin hits you but does no damage.
The frilled lizard bites you but does no damage.
You barely miss the frilled lizard. You block the frilled lizard's attack.
You closely miss the frilled lizard. The frilled lizard bites you.
The goblin hits you with a +0 club.
* * * LOW HITPOINT WARNING * * *
The hobgoblin misses you. You block the frilled lizard's attack.
You closely miss the frilled lizard. The frilled lizard bites you.
* * * LOW HITPOINT WARNING * * *
The goblin hits you but does no damage. The hobgoblin closely misses you.
You block the frilled lizard's attack.
Your shield prevents you from hitting the frilled lizard.
The frilled lizard bites you.
You die...

........#.......#
..........#.....#
####..#g.##..†..#
#####.....##.....##
....................#
..#^#.##..g####.#####
....>.....g.....#
......###..l#l###
..#....<....#@#
............ggl..#
....#######).....#
#...#...†.#..#####
#...#.≈≈≈.#..#
#...#.X≈≈.#..#
....#.≈≈≈.#..#
....#.....#..#
....#######...


You could see a hobgoblin, a goblin, 2 frilled lizards and a neutral kraken
(wandering).

Vanquished Creatures
  2 bats (D:1)
  A goblin (D:1)
3 creatures vanquished.

Vanquished Creatures (others)
  A ghoul (D:1)
  A minotaur (D:1)
  A draconian (D:1)
  A gargoyle (D:1)
  A formicid (D:1)
  A spriggan (D:1)
  A naga (D:1)
  A dwarf (D:1)
  2 ogres (D:1)
  2 kobolds (D:1)
  4 tentacles (D:1)
16 creatures vanquished.

Grand Total: 19 creatures vanquished

Notes
Turn   | Place    | Note
-------+----------+-------------------------------------------
     0 | D:1      | night the Demonspawn Gladiator began the quest for the Orb.
     0 | D:1      | Reached XP level 1. HP: 16/16 MP: 1/1
     0 | D:1      | Noticed a formicid
     0 | D:1      | Noticed an ogre
     0 | D:1      | Noticed a naga
     0 | D:1      | Noticed a draconian
     0 | D:1      | Noticed a gargoyle
     0 | D:1      | Noticed a kraken
     0 | D:1      | Noticed a minotaur
     0 | D:1      | Noticed a spriggan
     0 | D:1      | Noticed a ghoul
     0 | D:1      | Noticed an ogre
     0 | D:1      | Noticed a dwarf
     2 | D:1      | Killed a spriggan
     8 | D:1      | Killed a ghoul
    10 | D:1      | Killed a gargoyle
    11 | D:1      | Killed a dwarf
    12 | D:1      | Killed an ogre
    14 | D:1      | Killed a naga
    14 | D:1      | Killed a minotaur
    14 | D:1      | Killed an ogre
    15 | D:1      | Killed a formicid
    17 | D:1      | Killed a draconian
    80 | D:1      | Slain by a frilled lizard

Illustrated notes

Levels and vault maps discovered:
D:1:      nicolae_arrival_kraken_aquarium_a, layout_rooms

Action                   || total
-------------------------++-------
Melee: Unarmed           ||    20
Armor: Leather armour    ||     5
Dodge: Dodged            ||    14
Block: Kite shield       ||    17
